Map: Bel'Shir Vestige LE (Void)

Players

Railgan - Winner!

  • Race: Zerg Zerg
  • League: Grandmaster
  • Spawn Location: 11:00

RuinBlaster

  • Race: Terran Terran
  • League: Master
  • Spawn Location: 5:00

VOD

Have the link to the VOD?

Description

Time

  • Played on: March 11, 2017, 5:55 p.m.
  • Length: 5:00
Show
View Real Time Build Order
Export as new Build Order

Railgan Zerg - Winner!

Build Orders: Pool First 

Get SALT Encoding   

  12  0:01  Drone  
  13  0:12  Overlord  
  13  0:17  Drone  
  14  0:30  Drone  
  14  0:31  Drone  
  14  0:34  Drone  
  14  0:35  Extractor  
  16  0:46  Spawning Pool  
  15  0:50  Drone  
  15  0:56  Drone  
  17  1:06  Drone  
  18  1:24  Drone  
  18  1:25  Hatchery  
  18  1:28  Drone  
  19  1:38  Queen  
  21  1:45  Zergling x2  
  22  1:48  Metabolic Boost  
  22  1:58  Roach Warren  
  21  2:01  Drone  
  22  2:09  Overlord  
  22  2:15  Overlord  
  22  2:38  Roach x2  
  28  2:44  Roach x2  
  28  2:47  Roach  
  28  2:48  Roach  
  28  2:49  Roach  
  35  2:54  Roach  
  37  3:00  Overlord  
  37  3:04  Zergling x2  
  38  3:07  Zergling x2  
  38  3:10  Zergling x2  
  40  3:20  Zergling x4  
  40  3:22  Ravager  
  40  3:23  Zergling x2  
  40  3:24  Zergling x2  
  45  3:30  Zergling x2  
  45  3:31  Zergling x2  
  47  3:36  Zergling x2  
  48  3:41  Overlord  
  47  4:00  Zergling x2  
  41  4:04  Zergling x2  
  41  4:05  Zergling x10  
  41  4:08  Ravager  
  46  4:16  Zergling x2  
  47  4:17  Zergling x2  
  47  4:26  Zergling x2  
  47  4:29  Zergling x2  
Show
View Real Time Build Order
Export as new Build Order

RuinBlaster Terran 

Build Orders: Reaper Expand 

Get SALT Encoding   

  12  0:00  SCV  
  13  0:13  SCV  
  14  0:17  Supply Depot  
  14  0:25  SCV  
  15  0:38  SCV  
  15  0:40  Barracks  
  16  0:45  Refinery  
  16  0:50  SCV  
  17  1:03  SCV  
  18  1:15  SCV  
  19  1:28  Orbital Command  
  19  1:29  Reaper  
  20  1:38  Command Center  
  20  1:48  Supply Depot  
  20  1:54  SCV  
  21  2:00  Marine  
  22  2:07  SCV  
  22  2:08  Factory  
  23  2:12  Refinery  
  23  2:19  SCV  
  24  2:24  Barracks Reactor  
  24  2:31  SCV  
  24  2:53  Starport, SCV  
  25  3:01  Orbital Command  
  25  3:05  SCV  
  30  3:14  Cyclone  
  30  3:17  Cyclone  
  30  3:19  Marine  
  33  3:20  SCV  
  33  3:21  Bunker  
  34  3:27  SCV  
  34  3:31  Supply Depot  
  34  3:33  SCV  
  35  3:45  SCV  
  35  3:56  Cyclone x2  
  39  4:14  Starport  
  39  4:16  Command Center  
  34  4:27  SCV  
  25  4:40  SCV  
Tags
 
Add a new tag
Caveats
  • Supply blocks, unpowered buildings, or Contaminate may cause inaccurate times.
  • Supply counts are checked every 10 seconds.